 Dungeon Crawl Stone Soup version 0.30.1-11-g7821555f0a (webtiles) character file.

Game seed: 6876424442372817208

48 Gumption the Poker (level 3, -4/28 HPs)
             Began as a Merfolk Gladiator on Nov 18, 2023.
             Slain by Terence
             ... wielding a +1 flail of protection
              (9 damage)
             ... on level 2 of the Dungeon.
             The game lasted 00:07:16 (1175 turns).

Gumption the Poker (Merfolk Gladiator)              Turns: 1175, Time: 00:07:17

Health: -4/28      AC:  4    Str: 16    XL:     3   Next: 72%
Magic:  3/3        EV: 13    Int:  7    God:
Gold:   18         SH:  0    Dex: 15    Spells: 2/2 levels left

rFire   . . .        a - +0 trident
rCold   . . .        (no shield)
rNeg    . . .        b - +0 leather armour
rPois   .            c - +0 helmet
rElec   .            (no cloak)
rCorr   .            (no gloves)
SInv    .            (no boots)
Will    .....        (no amulet)
Stlth   +            (no ring)
HPRegen 0.24/turn    (no ring)
MPRegen 0.08/turn

%: no passive effects
@: no status effects
A: (nimble swimmer 2), mertail
a: no special abilities


You were on level 2 of the Dungeon.
You visited 1 branch of the dungeon, and saw 2 of its levels.

You collected 18 gold pieces.

Inventory:

Hand Weapons
 a - a +0 trident (weapon)
Missiles
 d - 3 throwing nets
 e - a javelin (quivered)
Armour
 b - a +0 leather armour (worn)
 c - a +0 helmet (worn)
Scrolls
 f - a scroll of fear {unknown}
 g - a scroll of identify {unknown}
 h - a scroll of teleportation {unknown}
 i - a scroll of fog {unknown}


   Skills:
 + Level 2.7 Fighting
 * Level 4.9 Polearms
 + Level 2.4 Throwing
 + Level 4.5 Dodging


You had 2 spell levels left.
You didn't know any spells.
Your spell library was empty.

Dungeon Overview and Level Annotations

Branches:
Dungeon (2/15)

Altars:

Annotations:
D:2 Terence


Innate Abilities, Weirdness & Mutations

((You are very nimble when in or above water. (Stealth+, EV+, Speed+++)))
Your lower body shifts to a powerful aquatic tail in water.


Message History

You hit the worm.
The worm is lightly wounded.
You hit the worm.
The worm is moderately wounded.
The worm misses you.
You puncture the worm!
The worm is severely wounded.
The worm barely misses you.
You hit the worm but do no damage.
The worm is heavily wounded.
You puncture the worm!
You kill the worm!
You see here a worm corpse.
Terence the Incautious comes into view.
He is wielding a +1 flail of protection.
Terence shouts!
You hit Terence but do no damage.
Terence hits you with a +1 flail of protection!
You closely miss Terence.
Terence hits you with a +1 flail of protection!
* * * LOW HITPOINT WARNING * * *
You puncture Terence!
Terence is moderately wounded.
Terence hits you with a +1 flail of protection.
* * * LOW HITPOINT WARNING * * *
You hit Terence but do no damage.
Terence is moderately wounded.
Terence barely misses you.
You hit Terence but do no damage.
Terence is moderately wounded.
Terence barely misses you.
You hit Terence.
Terence is heavily wounded.
Terence barely misses you.
You barely miss Terence.
Terence is heavily wounded.
Terence completely misses you.
You barely miss Terence.
Terence is heavily wounded.
Terence hits you with a +1 flail of protection!
You die...

###
######.....
#..@...#
#.#@.......
#.#.##.###.
#######.#.# #
#.......#.#
##.#######.#
##.#.# ##.#
##.###.###...#
#.## ##....#


You could see Terence.

Vanquished Creatures
  A worm (D:2)
  A dart slug (D:1)
  4 ball pythons (D:1)
  5 endoplasms (D:1)
  2 giant cockroaches (D:1)
  3 goblins (D:1)
  3 hobgoblins (D:1)
  4 jackals (D:1)
  2 quokkas (D:1)
  5 bats (D:1)
  2 frilled lizards (D:1)
  4 kobolds (D:1)
  2 rats (D:1)
38 creatures vanquished.

Notes
Turn   | Place    | Note
-------+----------+-------------------------------------------
     0 | D:1      | Gumption the Merfolk Gladiator began the quest for the Orb.
     0 | D:1      | Reached XP level 1. HP: 16/16 MP: 1/1
   148 | D:1      | Reached XP level 2. HP: 19/23 MP: 2/2
   469 | D:1      | Reached XP level 3. HP: 28/28 MP: 3/3
  1166 | D:2      | Noticed Terence
  1175 | D:2      | Slain by Terence

Illustrated notes

Levels and vault maps discovered:
D:1:      lightli_molten_gateway, layout_basic
D:2:      layout_loops_ring, uniq_terence

Action                     || total
---------------------------++-------
  Melee: Trident           ||   117
   Stab: Sleeping          ||     1
 Armour: Leather armour    ||    22
  Dodge: Dodged            ||    70
